 Dungeon Crawl Stone Soup version 0.28-a0-984-g3775c662fe (console) character file.

Game seed: 5659263613563647701

5201 petzl the Magician (level 10, -7/63 HPs)
             Began as an Octopode Arcane Marksman on Dec 4, 2021.
             Was a Follower of Vehumet.
             Mangled by a two-headed ogre (32 damage)
             ... on level 9 of the Dungeon.
             The game lasted 00:59:02 (12503 turns).

petzl the Magician (Octopode Arcane Marksman)      Turns: 12503, Time: 00:59:03

Health: -7/63      AC:  1    Str:  9    XL:     10   Next: 60%
Magic:  1/19       EV: 14    Int: 20    God:    Vehumet [*.....]
Gold:   359        SH:  0    Dex: 13    Spells: 13/21 levels left

rFire   . . .      SeeInvis .   a - +5 dagger (flame) {!f =f}
rCold   . . .      Faith    .   (no shield)
rNeg    . . .      Spirit   .   (helmet restricted)
rPois   +          Reflect  .   x - amulet of the acrobat
rElec   .          Harm     .   g - ring of poison resistance
rCorr   .          Rampage  .   (no ring)
Will    .....                   (no ring)
Stlth   ++++......              (no ring)
HPRegen 0.20/turn               (no ring)
MPRegen 0.16/turn               (no ring)
                                (no ring)
                                (no ring)

@: studying Staves
A: almost no armour, amphibious, 8 rings, camouflage 1, gelatinous body 1,
(nimble swimmer 1), tentacles
a: Renounce Religion


You were on level 9 of the Dungeon.
You worshipped Vehumet.
Vehumet was aware of your devotion.
You visited 2 branches of the dungeon, and saw 10 of its levels.

You collected 359 gold pieces.

Inventory:

Hand Weapons
 a - a +5 dagger of flaming (weapon) {!f =f}
 b - a +0 hand crossbow
 v - a +3 dire flail of protection
 y - the +5 halberd of Division {flame, rN+}
   (You found it on level 6 of the Dungeon)

   It burns those it strikes, dealing additional fire damage.
   Big, fiery blades are also staple armaments of hydra-hunters.
   rN:        It protects you from negative energy.
 E - a +1 hand axe of freezing {!f =f}
Missiles
 c - 86 bolts
 r - 2 throwing nets (quivered)
Armour
 t - a +0 kite shield
Jewellery
 g - a ring of poison resistance (left tentacle)
 h - a ring of ice
 x - an amulet of the acrobat (around mantle)
Wands
 i - a wand of iceblast (17)
 u - a wand of flame (22)
 F - a wand of acid (6)
Scrolls
 f - 3 scrolls of immolation
 l - 2 scrolls of amnesia
 m - 5 scrolls of teleportation
 o - a scroll of summoning {unknown}
 p - a scroll of noise {unknown}
 q - a scroll of silence
 w - a scroll of enchant armour
 z - a scroll of magic mapping {unknown}
 C - a scroll of blinking
Potions
 d - 5 potions of curing
 e - 2 potions of lignification {unknown}
 j - 3 potions of heal wounds
 k - a potion of ambrosia {unknown}
 n - a potion of magic {unknown}
 s - 2 potions of berserk rage {unknown}
 A - a potion of cancellation {unknown}
 D - a potion of attraction {unknown}


   Skills:
 + Level 4.0 Fighting
 - Level 2.3 Crossbows
 - Level 4.0 Dodging
 + Level 5.6 Stealth
 + Level 3.2 Shields
 * Level 6.2 Spellcasting
 * Level 5.6 Conjurations
 - Level 3.0 Hexes
 - Level 2.0 Translocations
 - Level 4.0 Transmutations
 - Level 4.0 Fire Magic
 - Level 4.0 Air Magic
 - Level 6.0 Poison Magic
 + Level 3.4 Evocations


You had 13 spell levels left.
You knew the following spells:

 Your Spells              Type           Power      Damage    Failure   Level
a - Slow                  Hex            72%        N/A       3%          1
m - Mephitic Cloud        Conj/Pois/Air  27%        N/A       3%          3
I - Ignite Poison         Fire/Tmut/Pois 24%        N/A       4%          3
W - Apportation           Tloc           28%        N/A       4%          1

Your spell library contained the following spells:

 Spells                   Type           Power      Damage    Failure   Level
 Magic Dart               Conj           100%       1d8       1%          1
 Beastly Appendage        Tmut           44%        N/A       1%          1
 Wereblood                Tmut           22%        N/A       3%          2
 Spider Form              Tmut/Pois      26%        N/A       4%          3
 Inner Flame              Hex/Fire       20%        N/A       8%          3
 Animate Skeleton         Necr           12%        N/A       11%         1
 Summon Small Mammal      Summ           24%        N/A       11%         1
 Portal Projectile        Hex/Tloc       32%        N/A       11%         3
 Cause Fear               Hex            9%         N/A       30%         4
 Freezing Cloud           Conj/Ice/Air   9%         6-21      58%         5


Dungeon Overview and Level Annotations

Branches:
Dungeon (9/15)             Temple (1/1) D:5
   Lair: D:8-11         Orc: D:9-12

Altars:
Okawaru
Ru
Vehumet
Wu Jian
Yredelemnul


Innate Abilities, Weirdness & Mutations

You cannot wear most types of armour.
You are amphibious.
You can wear up to eight rings at the same time.
Your skin changes colour to match your surroundings (Stealth+).
Your rubbery body absorbs attacks. (AC +1, EV +1)
((You are camouflaged near water. (Stealth+)))
You have tentacles for arms and can constrict up to eight enemies at once.


Message History

Aiming: Mephitic Cloud (dangerous; 3% risk of failure)
Press: ? - help, Shift-Dir - straight line, f - orc
Aim: an orc, wielding a +0 short sword and wearing a +0 chain mail (confused, chance to affect: 96%)
The ball explodes into a vile cloud!
The stinking cloud engulfs the orc but does no damage.
The stinking cloud engulfs the two-headed ogre but does no damage.
You hear an angry buzzing noise.
The orc is engulfed in noxious fumes.
The orc appears confused.
Unknown command.
Your +5 dagger of flaming {!f =f} stops flaming.
b - a +0 hand crossbow (weapon)
Fire: 87 bolts
Press: ? - help, Q - select action, (/) - cycle Shift-Dir - straight line, f/p - orc
Aim: an orc, wielding a +0 short sword and wearing a +0 chain mail (noxious fumes, confused, 84% to hit)
You shoot a bolt. The bolt hits the orc.
The orc is severely wounded.
The orc is engulfed in noxious fumes.
The orc appears confused.
The gnoll throws a throwing net.
The throwing net hits you.
You become entangled in the net!
The two-headed ogre is engulfed in noxious fumes.
The two-headed ogre appears confused.
You struggle against the net.
A hornet comes into view.
Unknown command.
Okay, then.
You tear a large gash into the net.
The orc hits the two-headed ogre with a +0 short sword.
The two-headed ogre closely misses you. The two-headed ogre misses you.
You shred the net and break free!
The orc barely misses the two-headed ogre.
The two-headed ogre hits you with a +0 giant club!
The two-headed ogre completely misses you.
The gnoll barely misses you.
Your +5 dagger of flaming {!f =f} bursts into flame!
a - a +5 dagger of flaming (weapon)
{!f =f} The orc hits the two-headed ogre but does no damage.
The gnoll barely misses you.
The two-headed ogre hits you with a +0 giant club!!
The two-headed ogre hits you with a +0 giant spiked club!!
Ouch! That really hurt!
You die...

#... ..+... .# ..
..#...####.#...
.....#...#.#...
....)..........
...))..........
....().........
.#.#.#O@.g.....
.....o..)y.....
.#.#.#.........
.....).).....
..##.#.#.........
............)....
..#.#.#........#
...............
##.#.#.........
............
...#.#.#......g.
.......<........
...#.#.#........
.........###
#.#.#.....#
.......#####
..#o#.#..
.......... ...#
#.#..


You could see a two-headed ogre (confused), a hornet, a gnoll and an orc
(confused).

Vanquished Creatures
  Pikel (D:6)
  A cyclops (D:7)
  Prince Ribbit (D:6)
  Sigmund (D:3)
  4 yaks
  Menkaure (D:7)
  Edmund (D:6)
  3 ice beasts
  2 black bears
  4 orc warriors
  A sky beast (D:6)
  A necrophage (D:3)
  An ogre (D:5)
  A centaur (D:8)
  Blork the orc (D:4)
  2 bullfrogs
  A gnoll sergeant (D:3)
  5 scorpions
  A wyvern skeleton (D:7)
  5 howler monkeys
  5 wights (D:7)
  An electric eel (D:8)
  A bullfrog zombie (D:6)
  3 centaur zombies
  A bullfrog skeleton (D:5)
  3 hounds
  A centaur skeleton (D:5)
  7 orc priests
  2 jellies
  A gnoll shaman (D:9)
  Ijyb (D:4)
  Natasha (twice) (D:2)
  2 iguanas
  5 orc wizards
  A howler monkey zombie (D:6)
  5 gnolls
  7 adders
  A white imp (D:7)
  2 dart slugs (D:5)
  24 orcs
  5 endoplasms
  3 giant cockroaches
  4 goblins
  4 hobgoblins
  6 jackals
  7 kobolds
  4 quokkas
  6 ball pythons
  5 bats
  2 frilled lizards
  5 rats
164 creatures vanquished.

Vanquished Creatures (others)
  8 plants (D:6)
8 creatures vanquished.

Grand Total: 172 creatures vanquished

Notes
Turn   | Place    | Note
-------+----------+-------------------------------------------
     0 | D:1      | petzl the Octopode Arcane Marksman began the quest for the
                  | Orb.
     0 | D:1      | Reached XP level 1. HP: 13/13 MP: 2/2
    45 | D:1      | Reached XP level 2. HP: 18/18 MP: 3/3
    74 | D:1      | Reached skill level 1 in Stealth
  1308 | D:2      | Reached XP level 3. HP: 20/23 MP: 5/5
  1312 | D:2      | Learned a level 3 spell: Mephitic Cloud
  1460 | D:2      | Noticed Natasha
  1465 | D:2      | Killed Natasha
  1613 | D:2      | Reached skill level 1 in Poison Magic
  1613 | D:2      | Reached XP level 4. HP: 13/28 MP: 6/6
  1615 | D:2      | Reached skill level 1 in Air Magic
  1863 | D:2      | Reached skill level 1 in Conjurations
  1869 | D:3      | Noticed a gnoll sergeant
  1974 | D:2      | Noticed Natasha
  1988 | D:2      | Killed Natasha
  2421 | D:2      | Reached XP level 5. HP: 30/33 MP: 8/8
  2879 | D:3      | Noticed a necrophage
  2985 | D:2      | Learned a level 3 spell: Ignite Poison
  3096 | D:4      | Noticed Blork the orc
  3242 | D:5      | Entered Level 5 of the Dungeon
  3371 | D:4      | Noticed a black bear
  3397 | D:4      | Killed a black bear
  3398 | D:4      | Reached skill level 1 in Transmutations
  3398 | D:4      | Reached skill level 1 in Fire Magic
  3398 | D:4      | Reached XP level 6. HP: 38/38 MP: 1/9
  4209 | D:3      | Found a faded altar of an unknown god.
  4238 | D:3      | Noticed Sigmund
  4555 | D:4      | Noticed Ijyb
  4573 | D:4      | Killed Ijyb
  5293 | D:4      | Killed Blork the orc
  5294 | D:4      | Reached XP level 7. HP: 43/43 MP: 4/11
  6579 | D:3      | Killed Sigmund
  6718 | D:5      | Reached XP level 8. HP: 43/48 MP: 6/13
  6814 | D:5      | Learned a level 1 spell: Apportation
  7149 | D:5      | Reached skill level 1 in Translocations
  7411 | D:5      | Found a staircase to the Ecumenical Temple.
  8107 | D:6      | Noticed Prince Ribbit
  8113 | D:6      | Killed Prince Ribbit
  8398 | D:6      | Reached XP level 9. HP: 54/55 MP: 3/15
  8543 | D:6      | Reached skill level 1 in Shields
  8543 | D:6      | Reached skill level 1 in Evocations
  8620 | D:6      | Noticed Edmund
  8634 | D:6      | Killed Edmund
  8771 | D:6      | Identified the +5 halberd of Division {flame, rN+}
  8856 | D:6      | Reached skill level 5 in Poison Magic
  8941 | D:6      | Noticed a two-headed ogre
  9151 | Temple   | Entered the Ecumenical Temple
  9187 | Temple   | Became a worshipper of Vehumet
  9329 | D:6      | Noticed Pikel
  9336 | D:6      | Killed Pikel
  9337 | D:6      | Reached skill level 5 in Spellcasting
  9431 | D:6      | Found a sacrificial altar of Ru.
 10325 | D:7      | Reached XP level 10. HP: 54/63 MP: 11/18
 10382 | D:7      | Noticed Menkaure
 10386 | D:7      | Killed Menkaure
 10483 | D:7      | Noticed a cyclops
 10496 | D:7      | Killed a cyclops
 10497 | D:7      | Reached skill level 5 in Stealth
 10832 | D:7      | Reached skill level 5 in Conjurations
 11931 | D:8      | Reached * piety under Vehumet
 11931 | D:8      | Offered knowledge of Magic Dart by Vehumet.
 12492 | D:9      | Noticed a two-headed ogre
 12503 | D:9      | Mangled by a two-headed ogre

Illustrated notes

Levels and vault maps discovered:
D:1:      matt_arrival_los_fun, layout_rooms
D:2:      layout_loops_corners, uniq_natasha
D:3:      layout_rooms, hellmonk_ecumenical_altar_arch_garden, uniq_sigmund
D:4:      black_bear_nest_1, layout_layer_cave, kennysheep_generic_room_9,
          uniq_blork_the_orc, uniq_ijyb
D:5:      nicolae_BIG_FREAKIN_CUBE, layout_rooms,
          minmay_temple_entry_from_below_a, serial_glass, glass_columns_c,
          glass_columns_b, glass_columns_a, glass_columns_a
D:6:      layout_basic, mainiacjoe_overflow_boulevard, uniq_prince_ribbit1,
          uniq_edmund, uniq_pikel
D:7:      layout_rooms, st_stairs_12, kennysheep_another_room, uniq_menkaure
D:8:      layout_basic
D:9:      layout_basic, kennysheep_pointless_box, st_stairs_13
Temple:   mainiacjoe_temple_archimedes_tessellation

Skill      XL: |  1  2  3  4  5  6  7  8  9 10 |
---------------+-------------------------------+-----
Stealth        | 1 3 4 5 |  5.6
Poison Magic   | 1 2 3 4 5 6 |  6.0
Air Magic      | 1 2 3 4 |  4.0
Conjurations   | 1 2 3 4 5 |  5.6
Spellcasting   | 2 3 4 5 6 |  6.2
Transmutations | 1 2 3 4 |  4.0
Fire Magic     | 1 2 3 4 |  4.0
Translocations | 1 2 |  2.0
Fighting       | 2 3 4 |  4.0
Dodging        | 3 4 |  4.0
Shields        | 2 3 |  3.2
Evocations     | 2 3 |  3.4
Crossbows      | |  2.3
Hexes          | |  3.0

Action                   |  1- 3 |  4- 6 |  7- 9 | 10-12 || total
-------------------------+-------+-------+-------+-------++-------
Melee: Short sword       |    30 |    86 |       |       ||   116
       Tentacles         |    10 |    13 |    29 |    12 ||    64
       Constrict         |     4 |    23 |    32 |    10 ||    69
       Dagger            |       |    12 |   122 |    53 ||   187
 Fire: Hand crossbow     |    45 |    41 |    57 |     7 ||   150
Throw: Throwing net      |       |       |     2 |     1 ||     3
 Cast: Slow              |       |    28 |    36 |     7 ||    71
       Mephitic Cloud    |       |     6 |    54 |    27 ||    87
       Ignite Poison     |       |       |    15 |    16 ||    31
Evoke: Wand              |       |     1 |     7 |     2 ||    10
  Use: Scroll            |       |     3 |     2 |     1 ||     6
       Potion            |       |     2 |       |     1 ||     3
 Stab: Sleeping          |     3 |     3 |     2 |     4 ||    12
       Confused          |       |     2 |     4 |     3 ||     9
Armor: Skin              |     8 |     4 |     4 |     3 ||    19
Dodge: Dodged            |    36 |    61 |    84 |    64 ||   245

Table legend: (Time is in decaauts)
 A = Elapsed time spent in this place.
 B = Non-inter-level travel time spent in this place.
 C = Inter-level travel time spent in this place.
 D = Time resting spent in this place.
 E = Time spent auto-exploring this place.
 F = Levels seen in this place.
 G = Mean time per level.
                   A        B        C        D        E       F      G
               +--------+--------+--------+--------+--------+-----+--------+
         Total |  12570 |  11912 |    658 |   4872 |   3651 |  10 | 1257.0 |
       Dungeon |  12521 |  11882 |    639 |   4872 |   3627 |   9 | 1391.2 |
        Temple |     48 |     29 |     19 |      0 |     24 |   1 |   48.0 |
               +--------+--------+--------+--------+--------+-----+--------+

Top non-repeatable levels by time:
     D:4: 2601 daAuts
     D:2: 2274 daAuts
     D:6: 2053 daAuts
     D:7: 1231 daAuts
     D:1: 1220 daAuts
     D:5: 1160 daAuts
     D:8: 1039 daAuts
     D:3: 914 daAuts
  Temple: 48 daAuts
     D:9: 27 daAuts
